 Dungeon Crawl Stone Soup version 0.29.1-1-gd02db6906a (webtiles) character file.

Game seed: 9199481508290623923

399 safid the Skirmisher (level 6, -2/51 HPs)
             Began as a Minotaur Hunter on Oct 7, 2022.
             Slain by a phantom (4 damage)
             ... on level 5 of the Dungeon.
             The game lasted 00:05:28 (4123 turns).

safid the Skirmisher (Minotaur Hunter)              Turns: 4123, Time: 00:05:29

Health: -2/51      AC:  6    Str: 16    XL:     6   Next: 54%
Magic:  5/5        EV: 11    Int:  6    God:
Gold:   227        SH:  0    Dex: 15    Spells: 5/5 levels left

rFire   + . .      SeeInvis .   a - +1 shortbow
rCold   . . .      Faith    .   (shield currently unavailable)
rNeg    . . .      Spirit   .   i - +1 ring mail {rF+}
rPois   .          Reflect  .   (helmet restricted)
rElec   .          Harm     .   (no cloak)
rCorr   .          Rampage  .   (no gloves)
Will    .....                   (no boots)
Stlth   +.........              (no amulet)
HPRegen 0.17/turn               (no ring)
MPRegen 0.09/turn               (no ring)

@: about to teleport
A: horns 2, retaliatory headbutt
a: no special abilities


You were on level 5 of the Dungeon.
You visited 1 branch of the dungeon, and saw 5 of its levels.

You collected 227 gold pieces.

Inventory:

Hand Weapons
 a - a +1 shortbow (weapon)
Armour
 i - a +1 ring mail of fire resistance (worn)
Wands
 k - a wand of digging (5)
 o - a wand of paralysis (15)
Scrolls
 b - a scroll of immolation
 d - a scroll of silence {unknown}
 e - a scroll of poison {unknown}
 g - 6 scrolls of identify {unknown}
 h - 2 scrolls of fog {unknown}
 l - a scroll of vulnerability {unknown}
 n - a scroll of teleportation
 q - a scroll of acquirement {unknown}
 s - 2 scrolls of magic mapping {unknown}
Potions
 f - a potion of berserk rage {unknown}
 p - a potion of cancellation
 r - a potion of brilliance {unknown}


   Skills:
 - Level 3.0 Fighting
 + Level 8.6 Ranged Weapons
 - Level 2.1 Dodging
 - Level 0.7 Stealth


You had 5 spell levels left.
You didn't know any spells.
Your spell library contained the following spells:

 Spells                   Type           Power      Damage    Failure   Level
 Summon Small Mammal      Summ           0%         N/A       67%         1
 Sublimation of Blood     Necr           0%         N/A       82%         2
 Call Canine Familiar     Summ           0%         N/A       96%         3
 Gell's Gravitas          Tloc           0%         N/A       96%         3
 Lesser Beckoning         Tloc           0%         N/A       96%         3
 Portal Projectile        Hex/Tloc       0%         N/A       96%         3
 Summon Guardian Golem    Hex/Summ       0%         N/A       96%         3
 Teleport Other           Tloc           0%         N/A       96%         3
 Tukima's Dance           Hex            0%         N/A       96%         3
 Petrify                  Tmut/Erth      0%         N/A       100%        4
 Blade Hands              Tmut           0%         N/A       100%        5
 Irradiate                Conj/Tmut      0%         3d11      100%        5


Dungeon Overview and Level Annotations

Branches:
Dungeon (5/15)
 Temple: D:4-7

Altars:
Cheibriados
Hepliaklqana
Xom

Shops:
D:1 *(


Innate Abilities, Weirdness & Mutations

You have a pair of horns on your head.
You reflexively headbutt those who attack you in melee.


Message History

* * * LOW HITPOINT WARNING * * *
The kobold brigand closely misses you.
The phantom hits you but does no damage.
Unknown command.
Fire: a) +1 shortbow
Press: ? - help, Q - select action, (/) - cycle Shift-Dir - straight line, f/p - kobold brigand
Aim: a kobold brigand, wielding a +0 short sword and quivering curare-tipped darts (heavily wounded, 59% to hit)
You shoot an arrow.
The arrow hits the kobold brigand but does no damage.
The kobold brigand is heavily wounded.
The phantom barely misses you. You furiously retaliate!
You headbutt the phantom. The kobold brigand misses you.
The kobold brigand hits you with a +0 short sword.
* * * LOW HITPOINT WARNING * * *
The phantom hits you but does no damage.
As you read the scroll labelled FOIMAPTAYV, it crumbles to dust.
You feel strangely unstable.
It was a scroll of teleportation.
The phantom hits you.
* * * LOW HITPOINT WARNING * * *
The kobold brigand hits you with a +0 short sword.
* * * LOW HITPOINT WARNING * * *
Fire: a) +1 shortbow
Press: ? - help, Q - select action, (/) - cycle Shift-Dir - straight line, f/p - kobold brigand
Aim: a kobold brigand, wielding a +0 short sword and quivering curare-tipped darts (heavily wounded, 59% to hit)
You shoot an arrow.
The arrow completely misses the kobold brigand.
The arrow completely misses the ufetubus.
You feel yourself speed up. The phantom closely misses you.
You furiously retaliate!
You headbutt the phantom. The kobold brigand misses you.
The phantom hits you but does no damage.
The kobold brigand hits you with a +0 short sword.
* * * LOW HITPOINT WARNING * * *
Fire: a) +1 shortbow
Press: ? - help, Q - select action, (/) - cycle Shift-Dir - straight line, f/p - kobold brigand
Aim: a kobold brigand, wielding a +0 short sword and quivering curare-tipped darts (heavily wounded, 59% to hit)
You shoot an arrow. The arrow hits the kobold brigand.
The kobold brigand is severely wounded.
The phantom hits you.
You die...

.##..#..#........######.#....# ##
#..........#.......#....#....###.
#############.###................
# ### #..............##
####............#
#..###...........
#....##..........
##.....#..........
#@.......#........
#KW......####..... #5......##
#..... #........## ....
K.........## . ........###
......### .######


You could see a kobold brigand, a phantom and an ufetubus.

Vanquished Creatures
  Blork the orc (D:4)
  A necrophage (D:3)
  An orc priest (D:4)
  2 hounds
  An iguana (D:4)
  An orc wizard (D:3)
  5 adders
  An ufetubus (D:4)
  A dart slug (D:2)
  10 orcs
  8 endoplasms
  3 giant cockroaches
  5 goblins
  6 hobgoblins
  2 jackals (D:1)
  A quokka (D:3)
  4 ball pythons
  3 bats
  A frilled lizard (D:1)
  5 kobolds
  3 rats
65 creatures vanquished.

Vanquished Creatures (others)
  An orc wizard (D:3)
1 creature vanquished.

Grand Total: 66 creatures vanquished

Notes
Turn   | Place    | Note
-------+----------+-------------------------------------------
     0 | D:1      | safid the Minotaur Hunter began the quest for the Orb.
     0 | D:1      | Reached XP level 1. HP: 18/18 MP: 0/0
   121 | D:1      | Found Hull's Antique Weapon Shop.
   282 | D:1      | Found a faded altar of an unknown god.
   332 | D:1      | Reached XP level 2. HP: 25/25 MP: 1/1
   435 | D:1      | Found Vueq's Assorted Antiques.
   955 | D:2      | Reached skill level 5 in Ranged Weapons
  1016 | D:2      | Reached XP level 3. HP: 29/31 MP: 2/2
  1769 | D:3      | Found a hazy altar of Hepliaklqana.
  1874 | D:3      | Reached XP level 4. HP: 38/38 MP: 3/3
  1961 | D:3      | Reached skill level 6 in Ranged Weapons
  2050 | D:3      | Found a shimmering altar of Xom.
  2611 | D:3      | Found a snail-covered altar of Cheibriados.
  2750 | D:4      | Reached XP level 5. HP: 42/45 MP: 4/4
  2780 | D:4      | Reached skill level 7 in Ranged Weapons
  2805 | D:4      | Noticed Blork the orc
  3692 | D:4      | Killed Blork the orc
  3693 | D:4      | Reached skill level 8 in Ranged Weapons
  3693 | D:4      | Reached XP level 6. HP: 51/51 MP: 5/5
  4009 | D:5      | Entered Level 5 of the Dungeon
  4122 | D:5      | HP: 2/51 [kobold brigand/+0 short sword (4)]
  4123 | D:5      | Slain by a phantom

Illustrated notes

Levels and vault maps discovered:
D:1:      scummos_arrival_hexagon, layout_basic, basic_ecumenical_altar,
          serial_shops, shop, nicolae_shop_window_shopping
D:2:      layout_loops_cross, eino_tiny_chamber, minmay_vboxes
D:3:      layout_loops_ring, mainiacjoe_overflow_big_doors, lemuel_tele_altar,
          chequers_serial_rivers_room_a
D:4:      layout_loops_ring, uniq_blork_the_orc
D:5:      kennysheep_spiral_hall, layout_cave_pools

Skill      XL: |  1  2  3  4  5 |
---------------+----------------+-----
Fighting       | 3 |  3.0
Ranged Weapons | 5 6 8 |  8.6
Dodging        | |  2.1
Stealth        | |  0.7

Action                   |  1- 3 |  4- 6 || total
-------------------------+-------+-------++-------
Melee: Shortbow          |       |     3 ||     3
 Fire: Shortbow          |    93 |   126 ||   219
  Use: Potion            |       |     5 ||     5
       Scroll            |       |     3 ||     3
Armor: Leather armour    |     9 |    12 ||    21
       Ring mail         |       |     4 ||     4
Dodge: Dodged            |    13 |    44 ||    57
